 Dungeon Crawl Stone Soup version 0.31.0-11-ge490571c62 (webtiles) character file.

Game seed: 3894950239519258466

21607 Daunt the Cleaver (level 12, -23/67 HPs)
             Began as a Vine Stalker Fighter on Jan 27, 2024.
             Was a High Priest of Okawaru.
             Killed from afar by a kobold blastminer (29 damage)
             ... with an iron shot
             ... on level 1 of the Orcish Mines.
             The game lasted 00:52:33 (5769 turns).

Daunt the Cleaver (Vine Stalker Fighter)            Turns: 5769, Time: 00:52:34

Health: -23/67     AC: 15    Str: 30    XL:     12   Next: 91%
Magic:  0/20       EV:  8    Int:  8    God:    Okawaru [*****.]
Gold:   268        SH:  5    Dex: 14    Spells: 11/11 levels left

rFire   . . .        a - +1 broad axe (venom)
rCold   . . .        c - +0 buckler
rNeg    + . .        s - +0 plate armour
rPois   .            (no helmet)
rElec   .            f - +1 cloak "Feolonn" {rN+ Slay+3}
rCorr   .            (no gloves)
SInv    .            x - +0 pair of boots
Will    ++...        M - amulet of magic regeneration Stlth
                     q - +6 ring of strength
HPRegen 1.11/turn    G - ring of willpower
MPRegen 0.57/turn

%: guardian spirit
@: no status effects
A: fangs 3, regeneration 1, magic shield, antimagic bite, no potion heal 2
a: Renounce Religion, Heroism, Finesse, Duel


You were on level 1 of the Orcish Mines.
You worshipped Okawaru.
Okawaru was extremely pleased with you.
You visited 3 branches of the dungeon, and saw 15 of its levels.

You collected 647 gold pieces.
You spent 379 gold pieces at shops.

Inventory:

Hand Weapons
 a - a +1 broad axe of venom (weapon)
 b - a +0 sling
 A - the +9 dagger "Hydrabane" {venom, rC+ Str+4}
   (You found it on level 7 of the Dungeon)

   Str+4:     It affects your strength (+4).
   rC+:       It protects you from cold.
Missiles
 e - 25 stones
 i - 3 javelins
 t - 34 poisoned darts (quivered)
 z - a curare-tipped dart
 H - 5 silver javelins
 I - 10 boomerangs
Armour
 c - a +0 buckler (worn)
 f - the +1 cloak "Feolonn" (worn) {rN+ Slay+3}
   (You acquired it on level 11 of the Dungeon)

   Slay+3:    It affects your accuracy & damage with ranged weapons and melee
   (+3).
   rN+:       It protects you from negative energy.
 s - a +0 plate armour (worn)
 x - a +0 pair of boots (worn)
Jewellery
 h - a ring of fire
 q - a +6 ring of strength (left hand)
 C - a ring of protection from cold
 E - a ring of protection from cold
 G - a ring of willpower (right hand)
 M - an amulet of magic regeneration (around neck)
Wands
 p - a wand of light (10)
 v - a wand of paralysis (16)
 J - a wand of digging (4)
Scrolls
 k - a scroll of silence
 l - 2 scrolls of immolation
 m - 4 scrolls of fear {unknown}
 n - a scroll of amnesia {unknown}
 u - 4 scrolls of revelation {unknown}
 w - 4 scrolls of teleportation {unknown}
 y - 2 scrolls of enchant armour {unknown}
 B - 2 scrolls of blinking {unknown}
 D - a scroll of fog {unknown}
 F - a scroll of vulnerability {unknown}
 K - a scroll of brand weapon {unknown}
Potions
 d - 2 potions of might
 g - 3 potions of attraction
 j - 2 potions of lignification
 o - a potion of magic
 r - a potion of curing
 L - 2 potions of brilliance {unknown}


   Skills:
 + Level 9.8 Fighting
 * Level 13.2 Axes
 + Level 4.2 Armour
 + Level 2.9 Dodging
 + Level 4.5 Shields
 + Level 9.9 Invocations


You had 11 spell levels left.
You didn't know any spells.
Your spell library contained the following spells:

 Spells                   Type           Power      Damage    Failure   Level
 Hailstorm                Conj/Ice       0%         3d5       100%        3
 Summon Ice Beast         Ice/Summ       Unusable   N/A       N/A         3
 Sculpt Simulacrum        Ice/Alch       Unusable   N/A       N/A         6

Dungeon Overview and Level Annotations

Branches:
Dungeon (13/15)            Temple (1/1) D:4            Lair (0/5) D:8
    Orc (1/2) D:12
 Vaults: D:13-14

Altars:
Ashenzari
Cheibriados
Dithmenos
Elyvilon
Fedhas
Gozag
Hepliaklqana
Kikubaaqudgha
Makhleb
Nemelex Xobeh
Okawaru
Qazlal
Ru
Sif Muna
Trog
Uskayaw
Vehumet
Wu Jian
Xom
Yredelemnul
Zin
The Shining One

Shops:
D:8 [   D:9 (   D:10 *


Innate Abilities, Weirdness & Mutations

You have razor-sharp teeth.
Your natural rate of healing is unusually fast.
When hurt, damage is shared between your health and your magic reserves.
Your bite disrupts and absorbs the magic of your enemies.
Potions cannot restore your health.


Message History

Unknown command.
You slash the orc!
You kill the orc!
Okawaru accepts your kill.
You slice the orc!!
You kill the orc!
Okawaru accepts your kill.
Search for what [Enter for "flaming", or ? for help]? shield Unknown command.
Unknown command.
Items here: )) [[.
Found 24 gold pieces.
Found 17 gold pieces.
Found 15 gold pieces.
You now have 255 gold pieces (gained 15).
A kobold blastminer comes into view.
The kobold blastminer wields a +0 arbalest.
The kobold blastminer shoots a bolt.
The bolt hits you.
A kobold blastminer is nearby!
Found a stone staircase leading down.
The kobold blastminer shoots a bolt.
The bolt hits you but does no damage.
You see here 13 gold pieces.
You now have 268 gold pieces (gained 13).
The kobold blastminer shoots a bolt.
The bolt hits you but does no damage.
Found 24 gold pieces.
The kobold blastminer's cannon shakes and flares with a red glow.
The kobold blastminer shoots a bolt.
The bolt closely misses you.
The kobold blastminer shoots a bolt.
The bolt hits you!
The kobold blastminer blasts its cannon at you.
The iron shot hits you!!!
The kobold blastminer is knocked back by the blast.
You feel like a meek peon again.
The kobold blastminer blasts its cannon at you.
The iron shot hits you!!
* * * LOW HITPOINT WARNING * * *
Okay, then.
Unknown command.
The kobold blastminer blasts its cannon at you.
The iron shot hits you!!
You die...

..... ##### #....##...#
..^........ .......... #
.........# ..#...
.........## ...$...
.......K..##........
...#...@..#.....$#.## ##
.........#........#.##.#
#............#..........
##.....#.#....##.......#
.............#..........
.................#.#....
.................#.#...≈
.....>........#.#......≈
....$.........####.#....


You could see a kobold blastminer.

Vanquished Creatures
  A fire dragon (D:13)
  A yaktaur captain (D:13)
  An ogre mage (D:13)
  A centaur warrior (D:13)
  A boulder beetle (D:12)
  5 two-headed ogres (D:13)
  Urug (D:11)
  Nergalle (D:11)
  2 deep elf pyromancers
  An orc sorcerer (Orc:1)
  An orc knight (Orc:1)
  A manticore (D:13)
  5 cyclopes
  An unseen horror (D:13)
  2 gargoyles
  An efreet (D:13)
  Jeremiah (D:6)
  2 tengu conjurers (D:13)
  3 red devils (Orc:1)
  3 trolls
  7 slime creatures (D:12)
  A wyvern (D:11)
  3 shadows
  2 wraiths
  2 wargs (Orc:1)
  3 yaks (D:10)
  2 steam dragons
  Menkaure (D:5)
  Edmund (D:5)
  2 vampire mosquitoes (D:13)
  An acid dragon (D:10)
  Duvessa (D:4)
  7 orc warriors
  2 ice beasts
  5 ogres
  A centaur (D:10)
  2 phantoms
  3 kobold brigands
  4 bullfrogs
  2 scorpions
  2 gnoll sergeants
  10 wights
  Dowan (D:4)
  11 killer bees (D:9)
  A hound (D:7)
  3 orc priests
  A gnoll bouda (D:5)
  3 iguanas
  5 orc wizards
  8 adders
  7 gnolls
  A shadow imp (D:6)
  A white imp (D:8)
  2 dart slugs (D:1)
  2 ribbon worms
  30 orcs
  6 ball pythons
  6 endoplasms
  A giant cockroach (D:3)
  8 goblins
  7 hobgoblins
  4 jackals (D:2)
  3 quokkas
  7 bats
  A frilled lizard (D:1)
  7 kobolds
  6 rats
231 creatures vanquished.

Vanquished Creatures (others)
  An arcanist (D:7)
  An orc priest (Orc:1)
2 creatures vanquished.

Grand Total: 233 creatures vanquished

Notes
Turn   | Place    | Note
-------+----------+-------------------------------------------
     0 | D:1      | Daunt the Vine Stalker Fighter began the quest for the Orb.
     0 | D:1      | Reached XP level 1. HP: 11/11 MP: 2/2
    35 | D:1      | Reached skill level 2 in Axes
    35 | D:1      | Reached XP level 2. HP: 16/16 MP: 3/3
   136 | D:2      | Reached XP level 3. HP: 20/20 MP: 4/4
   398 | D:3      | Noticed a +0 dagger
   400 | D:3      | Noticed a +0 dagger
   401 | D:3      | Found a hide-covered altar of Uskayaw.
   446 | D:2      | Reached skill level 3 in Axes
   446 | D:2      | Reached XP level 4. HP: 15/24 MP: 3/5
   615 | D:4      | Found a staircase to the Ecumenical Temple.
   624 | Temple   | Entered the Ecumenical Temple
   636 | Temple   | Became a worshipper of Warmaster Okawaru
   723 | D:3      | Found a sacrificial altar of Ru.
   772 | D:4      | Noticed Duvessa
   772 | D:4      | Noticed Dowan
   817 | D:3      | Found an opulent altar of Gozag.
   862 | D:3      | Reached XP level 5. HP: 28/28 MP: 6/6
  1025 | D:3      | Found a glowing silver altar of Zin.
  1115 | D:4      | Reached skill level 4 in Axes
  1115 | D:4      | Reached skill level 1 in Invocations
  1126 | D:4      | Reached XP level 6. HP: 33/33 MP: 8/8
  1191 | D:4      | Found a stormy altar of Qazlal.
  1224 | D:4      | Reached * piety under Okawaru
  1438 | D:4      | Killed Duvessa
  1439 | D:4      | Reached skill level 5 in Axes
  1439 | D:4      | Reached XP level 7. HP: 34/38 MP: 5/10
  1442 | D:4      | Killed Dowan
  1455 | D:4      | You fall into a shaft and drop 1 floor!
  1455 | D:5      | Entered Level 5 of the Dungeon
  1636 | D:5      | Noticed a steam dragon
  1637 | D:5      | Noticed a steam dragon
  1669 | D:5      | Killed a steam dragon
  1682 | D:5      | Noticed Menkaure
  1704 | D:5      | Killed Menkaure
  1745 | D:6      | Noticed Jeremiah
  1779 | D:5      | Reached skill level 6 in Axes
  1779 | D:5      | Gained mutation: You have razor-sharp teeth. [Vine Stalker
                  | growth]
  1779 | D:5      | Reached XP level 8. HP: 40/42 MP: 11/11
  1892 | D:6      | Noticed Edmund
  1911 | D:5      | Killed Edmund
  1912 | D:5      | Reached skill level 5 in Fighting
  1951 | D:6      | Killed Jeremiah
  2000 | D:6      | Reached ** piety under Okawaru
  2052 | D:7      | Reached skill level 7 in Axes
  2139 | D:7      | Found an ornate altar of the Wu Jian Council.
  2244 | D:7      | Found a hazy altar of Hepliaklqana.
  2265 | D:7      | Reached skill level 5 in Invocations
  2265 | D:7      | Reached XP level 9. HP: 44/48 MP: 13/13
  2265 | D:7      | Identified the +9 dagger "Hydrabane" {venom, rC+ Str+4}
  2275 | D:7      | Found a bloodstained altar of Trog.
  2276 | D:7      | Noticed a wizard
  2283 | D:7      | Killed a wizard
  2322 | D:7      | Reached *** piety under Okawaru
  2349 | D:8      | Found a staircase to the Lair.
  2378 | D:8      | Reached skill level 8 in Axes
  2394 | D:8      | Found a transporter.
  2394 | D:8      | Found Daagytot's Antique Armour Emporium.
  2396 | D:8      | Found a transporter.
  2402 | D:8      | Bought an embroidered cloak for 225 gold pieces
  2564 | D:8      | Found a snail-covered altar of Cheibriados.
  2823 | D:9      | Found Kiluj's Antique Weapon Emporium.
  3101 | D:9      | Noticed a cyclops
  3120 | D:9      | Killed a cyclops
  3120 | D:9      | Reached **** piety under Okawaru
  3121 | D:9      | Reached skill level 9 in Axes
  3121 | D:9      | Reached XP level 10. HP: 49/53 MP: 13/15
  3154 | D:10     | Entered Level 10 of the Dungeon
  3395 | D:10     | Found Fobb's Gadget Gallery.
  3672 | D:11     | Noticed a cyclops
  3685 | D:11     | Killed a cyclops
  3686 | D:11     | Reached skill level 10 in Axes
  3709 | D:11     | Noticed Nergalle
  3709 | D:11     | Noticed a gargoyle
  3720 | D:11     | Killed a gargoyle
  3723 | D:11     | Killed Nergalle
  3832 | D:11     | Found an ancient bone altar of Kikubaaqudgha.
  3878 | D:11     | Identified a scroll of acquirement
  3879 | D:11     | Acquired the +1 cloak "Feolonn" {rN+ Slay+3}
  3975 | D:9      | Noticed a cyclops
  3986 | D:9      | Killed a cyclops
  3986 | D:9      | Reached ***** piety under Okawaru
  4088 | D:9      | Reached XP level 11. HP: 54/60 MP: 15/17
  4238 | D:9      | Bought a glowing broad axe for 154 gold pieces
  4306 | D:9      | Reached skill level 11 in Axes
  4478 | D:11     | Noticed a cyclops
  4484 | D:11     | Killed a cyclops
  4548 | D:11     | Noticed Urug
  4563 | D:11     | Killed Urug
  4563 | D:11     | Received a gift from Okawaru
  4716 | D:12     | Found a staircase to the Orcish Mines.
  4815 | D:12     | Noticed a deep elf pyromancer
  4823 | D:12     | Killed a deep elf pyromancer
  5007 | D:12     | Noticed a boulder beetle
  5019 | D:12     | Killed a boulder beetle
  5019 | D:12     | Received a gift from Okawaru
  5097 | D:13     | Noticed a fire dragon
  5118 | D:13     | Killed a fire dragon
  5119 | D:13     | Reached skill level 12 in Axes
  5123 | D:13     | Noticed a yaktaur captain
  5131 | D:13     | Killed a yaktaur captain
  5169 | D:13     | Noticed a centaur warrior
  5234 | D:13     | Killed a centaur warrior
  5262 | D:13     | Noticed a two-headed ogre
  5265 | D:13     | Noticed an ogre mage
  5267 | D:13     | Noticed a two-headed ogre
  5269 | D:13     | Reached XP level 12. HP: 40/66 MP: 8/19
  5272 | D:13     | Killed a two-headed ogre
  5273 | D:13     | Reached skill level 1 in Dodging
  5276 | D:13     | Killed an ogre mage
  5277 | D:13     | Noticed a two-headed ogre
  5280 | D:13     | Killed a two-headed ogre
  5284 | D:13     | Killed a two-headed ogre
  5287 | D:13     | Noticed a two-headed ogre
  5295 | D:13     | Killed a two-headed ogre
  5295 | D:13     | Received a gift from Okawaru
  5355 | D:13     | Noticed a two-headed ogre
  5368 | D:13     | Killed a two-headed ogre
  5524 | D:12     | Reached skill level 13 in Axes
  5638 | Orc:1    | Entered Level 1 of the Orcish Mines
  5655 | Orc:1    | Received a gift from Okawaru
  5769 | Orc:1    | Killed from afar by a kobold blastminer

Illustrated notes

Levels and vault maps discovered:
D:1:      mrwooster_arrival_arrow, layout_basic
D:2:      wad_crossroads, layout_loops_cross
D:3:      layout_loops_ring, grunt_gozag_breadcrumbs, zin_scriptorium,
          dancing_weapons_uskayaw, mainiacjoe_overflow_alcove_4
D:4:      minmay_spotlight, layout_loops_cross, lemuel_tele_altar,
          minmay_temple_entry_antechambers, uniq_blork_the_orc, uniq_duvessa
D:5:      kennysheep_steamy, layout_basic, uniq_menkaure
D:6:      cheibrodos_two_vegetables, layout_rooms, uniq_jeremiah, uniq_edmund
D:7:      layout_rooms, trog_wizard, lemuel_round_altar,
          nicolae_hepliaklqana_hazy_memory, nicolae_kite_square_tiling_tiny
D:8:      layout_cave_pods, overflow_temple_1_default, lair_entry_dummy,
          serial_shops, nicolae_shop_drivethru, bh_walls_and_bars
D:9:      wander_river, layout_layer_cave, serial_shops,
          nicolae_shop_rolling_square, nicolae_benzene_ring,
          minmay_pinched_square
D:10:     layout_roguey, grunt_decor_mini_mirrors, nicolae_shop_gadgets
D:11:     minmay_statue_hallways, layout_irregular_city,
          kiku_gazebo_garden_becter, uniq_nergalle, uniq_urug
D:12:     layout_irregular_city, kennysheep_orc_monster_closet_entryway
D:13:     layout_long_grid, serial_shops, shop, minmay_diamond_spiral,
          uniq_nessos
Temple:   nicolae_temple_bog_church
Orc:1:    layout_caves, einodemon_armed_red_devil_minivault

Skill      XL: |  1  2  3  4  5  6  7  8  9 10 11 12 |
---------------+-------------------------------------+-----
Axes           | 2 3 4 5 6 7 9 10 12 13 | 13.2
Fighting       | 3 4 5 6 8 9 |  9.8
Invocations    | 1 2 3 5 6 7 9 |  9.9
Shields        | 3 4 |  4.5
Dodging        | 2 |  2.9
Armour         | 4 |  4.2

Action                     |  1- 3 |  4- 6 |  7- 9 | 10-12 || total
---------------------------+-------+-------+-------+-------++-------
  Melee: War axe           |    72 |   130 |   185 |   100 ||   487
         Bite              |    18 |    30 |    68 |   133 ||   249
         Broad axe         |       |       |       |   232 ||   232
  Throw: Stone             |     2 |       |     5 |       ||     7
         Dart              |       |       |       |     6 ||     6
 Invoke: Heroism           |       |     1 |     7 |    10 ||    18
         Finesse           |       |       |       |     4 ||     4
    Use: Scroll            |       |       |     6 |     5 ||    11
         Potion            |       |       |       |     2 ||     2
 Armour: Scale mail        |    42 |    73 |       |       ||   115
         Plate armour      |       |     2 |   149 |   274 ||   425
  Dodge: Dodged            |    29 |    48 |    38 |    86 ||   201
  Block: Buckler           |    10 |    38 |    47 |    72 ||   167
